Description

Build from Maru vs. ShoWTimE game 1

VOD

https://youtu.be/mYxgHYBJoNw?t=94

Replay - Maru v ShoWTimE: Game 1 - Catalyst LE

Build Order

Get SALT Encoding   

  12  0:00  SCV  
  13  0:13  SCV  
  14  0:17  Supply Depot  
  14  0:25  SCV  
  15  0:29  Refinery  
  15  0:38  SCV  
  16  0:44  Barracks  
  16  0:50  SCV  
  17  1:03  SCV  
  18  1:15  SCV  
  19  1:30  Orbital Command  
  19  1:31  Marine, Factory  
  20  1:39  Supply Depot  
  20  1:49  Barracks Reactor  
  20  1:57  SCV  
  21  2:08  Command Center  
  21  2:12  SCV  
  22  2:24  SCV  
  22  2:29  Hellion x2  
  27  2:31  Supply Depot  
  27  2:34  Barracks Tech Lab  
  28  2:50  Hellion x2  
  30  2:54  Stimpack  
  34  3:18  Barracks x2  
  34  3:20  Factory Reactor  
  34  3:24  Orbital Command  
  35  3:29  Marine  
  36  3:36  Engineering Bay  
  37  3:42  Refinery  
  31  3:58  Bunker  
  32  4:05  Terran Infantry Weapons Level 1  
  32  4:06  Missile Turret  
  32  4:08  Marine x5  
  38  4:28  Marine x3  
  39  4:41  Factory Reactor, Starport  
  44  4:56  Combat Shields  
  45  5:02  Supply Depot  
  49  5:21  Supply Depot  
  51  5:26  Medivac x2  
  61  5:48  Factory Reactor  
  63  5:52  Refinery  
  66  6:02  Terran Infantry Armor Level 1  
  69  6:12  Command Center  
  69  6:15  Medivac  
  72  6:25  Medivac  
  78  6:36  Widow Mine  
  76  6:46  Widow Mine  
  69  6:58  Widow Mine  
  69  7:01  Barracks x2  
  75  7:07  Concussive Shells  
  75  7:08  Refinery, Marauder  
  77  7:17  Medivac x2  
  77  7:18  Widow Mine  
  89  7:26  Ghost Academy  
  89  7:30  Orbital Command  
  89  7:33  Marauder  
  89  7:34  Widow Mine  
  96  7:50  Medivac  
  96  7:52  Barracks Tech Lab x2  
  96  7:55  Marauder  
  96  7:56  Orbital Command  
  99  8:01  Widow Mine x2  
  104  8:11  Marauder  
  109  8:17  Marauder  
  113  8:27  Armory  
  113  8:31  Ghost x2  
  117  8:39  Ghost  
  120  8:44  Widow Mine  
  109  8:57  Widow Mine  
  109  9:00  Marauder, Ghost  
  111  9:06  Widow Mine  
  109  9:21  Marauder x2  
  109  9:22  Medivac  
  104  9:30  Marauder  
  116  9:40  Terran Infantry Weapons Level 2  
  116  9:42  Missile Turret  
  116  9:43  Marauder  
  127  9:56  Refinery  
Spawning Tool Build Advisor. Get it on Overwolf

Analysis

Maru gets quick factory and 4 hellions to kill probes early on. Transition into 3 rax.

Go to:

Details

  • Created by: primehunterz
  • Published on: Apr 26, 2018
  • Modified on: Apr 26, 2018
  • Patch: 4.0.0
Show
View Real Time Build Order
Export as new Build Order

Comments (0)

There are no comments. Be the first!

Create an account to comment!